[Event "Titled Tuesday Blitz May 16 Early 2023"]
[White "Bortnyk, Olexandr"]
[Black "Colas, Joshua"]
[WhiteFideId "14120828"]
[BlackFideId "2044447"]
[WhiteElo "2734"]
[BlackElo "2347"]
[Result "1-0"]
[Round "02"]
[TimeControl "180+2"]
[Date "2023.05.16"]
[WhiteClock "0:00:28"]
[BlackClock "0:00:03"]

1. e4 c6 2. c4 d5 3. cxd5 cxd5 4. exd5 Nf6 5. Qa4+ Nbd7 6. Nc3 g6 7. Bc4 Bg7 8. d3 O-O 9. Nf3 Nb6 10. Qb3 Bg4 11. Ne5 Bf5 12. O-O Rc8 13. Re1 Nfd7 14. Nxd7 Qxd7 15. Be3 Nxc4 16. dxc4 Bxc3 17. Qxc3 Rfe8 18. Rad1 b6 19. b3 Qd6 20. Qd4 e5 21. dxe6 Qxe6 22. h3 Qe4 23. Qc3 Qh4 24. Bd4 Qh6 25. Bf6 Be6 26. Re3 Qf8 27. Rd4 b5 28. Re5 bxc4 29. bxc4 Rc5 30. Bg7 Qe7 31. Rxc5 Qxc5 32. Rh4 Bf5 33. Bh8 Qf8 34. c5 Re6 35. Be5 f6 36. Bd6 Qe8 37. Kh2 Qc6 38. Qb3 Be4 39. Qb8+ Kg7 40. Qf8# 1-0


[Site "https://www.chess.com"]

[Event "Titled Tuesday Blitz May 16 Early 2023"]
[White "Skliarov, Viktor"]
[Black "Mamedyarov, Shakhriyar"]
[WhiteFideId "14106736"]
[BlackFideId "13401319"]
[WhiteElo "2317"]
[BlackElo "2704"]
[Result "0-1"]
[Round "02"]
[TimeControl "180+2"]
[Date "2023.05.16"]
[WhiteClock "0:00:00"]
[BlackClock "0:01:17"]

1. e4 d5 2. exd5 Qxd5 3. Nc3 Qa5 4. d4 Nf6 5. Bc4 Bf5 6. Ne2 e6 7. Ng3 Bg6 8. O-O Nc6 9. Bd2 O-O-O 10. Nd5 Qa4 11. b3 Qa3 12. Bc1 Qd6 13. Bf4 e5 14. dxe5 Nxe5 15. Nxf6 Qxf6 16. Bxe5 Qxe5 17. Qf3 Qf6 18. Qxf6 gxf6 19. f4 Bxc2 20. Rac1 Bd3 21. Rfd1 Bc5+ 22. Kh1 Bxc4 23. Rxd8+ Rxd8 24. bxc4 Rd4 25. Nh5 f5 26. h3 a5 27. Kh2 a4 28. Kg3 Rd2 29. Ng7 Rxa2 30. Nxf5 a3 31. Re1 b6 32. Re8+ Kb7 0-1


[Site "https://www.chess.com"]

[Event "Titled Tuesday Blitz May 16 Early 2023"]
[White "Grischuk, Alexander"]
[Black "Domingo Nunez, Ruben"]
[WhiteFideId "4126025"]
[BlackFideId "22245570"]
[WhiteElo "2721"]
[BlackElo "2404"]
[Result "0-1"]
[Round "02"]
[TimeControl "180+2"]
[Date "2023.05.16"]
[WhiteClock "0:00:03"]
[BlackClock "0:00:07"]

1. Nf3 Nf6 2. g3 g6 3. c4 Bg7 4. Nc3 d6 5. Bg2 O-O 6. d4 Nbd7 7. O-O c5 8. e4 Ne8 9. Be3 Nc7 10. h3 Rb8 11. Qd2 a6 12. Rfd1 b6 13. Rac1 Bb7 14. Bh6 b5 15. Bxg7 Kxg7 16. dxc5 Nxc5 17. b4 N5e6 18. cxb5 Nxb5 19. Nd5 Kg8 20. h4 Bxd5 21. exd5 Ng7 22. a4 Na7 23. Rc4 Qd7 24. a5 Nb5 25. Rdc1 Rfc8 26. Rc6 Qb7 27. Bh3 Rxc6 28. Rxc6 Nc7 29. Rb6 Qa8 30. Rxb8+ Qxb8 31. Nd4 Qb7 32. Nc6 e6 33. Bg2 e5 34. Qe3 Nge8 35. Qb6 Qa8 36. Bf1 Kf8 37. Bc4 Qc8 38. Qb8 Qg4 39. Bf1 Qe4 40. Qd8 Qxd5 41. Qe7+ Kg7 42. Nd8 Qf3 43. Bg2 Qf6 44. Qd7 Kf8 45. Bc6 Qe7 46. Qc8 Kg7 47. Bxe8 Nxe8 48. Nc6 Qe6 49. Qxe6 fxe6 50. Nb8 Nc7 51. Nxa6 Nxa6 52. b5 Nc5 53. a6 Nd7 54. a7 Nb6 55. Kf1 Kf7 56. Ke2 Ke7 57. Kf3 d5 58. Kg4 Kf6 59. h5 g5 0-1


[Site "https://www.chess.com"]

[Event "Titled Tuesday Blitz May 16 Early 2023"]
[White "Lewicki, Miroslaw"]
[Black "Andreikin, Dmitry"]
[WhiteFideId "1113380"]
[BlackFideId "4158814"]
[WhiteElo "2212"]
[BlackElo "2736"]
[Result "0-1"]
[Round "02"]
[TimeControl "180+2"]
[Date "2023.05.16"]
[WhiteClock "0:00:30"]
[BlackClock "0:01:16"]

1. b3 Nf6 2. Bb2 g6 3. Nf3 Bg7 4. e4 O-O 5. e5 Nh5 6. d4 d6 7. Nbd2 Nc6 8. Bb5 Bd7 9. O-O Nxe5 10. Bxd7 Nxd7 11. Re1 e6 12. Ne4 d5 13. Neg5 h6 14. Nh3 c5 15. Qd2 Rc8 16. Rad1 c4 17. Ne5 Nhf6 18. Nf4 Nxe5 19. dxe5 c3 20. Qe3 cxb2 21. exf6 Qxf6 22. Nd3 Rxc2 23. Qxa7 Qc3 24. Qxb7 b1=Q 25. Rxb1 Qxd3 26. a4 Bd4 27. Rf1 Rxf2 28. Rxf2 Qxb1# 0-1


[Site "https://www.chess.com"]

[Event "Titled Tuesday Blitz May 16 Early 2023"]
[White "Alex_Sahakyan2006"]
[Black "Sarana, Alexey"]
[BlackFideId "24133795"]
[WhiteElo "2632"]
[BlackElo "2714"]
[Result "1-0"]
[Round "02"]
[TimeControl "180+2"]
[Date "2023.05.16"]
[WhiteClock "0:00:09"]
[BlackClock "0:00:02"]

1. d4 Nf6 2. Nf3 d5 3. Bf4 c5 4. e3 Nc6 5. Nbd2 Qb6 6. dxc5 Qxb2 7. Rb1 Qa3 8. Nd4 a6 9. Nxc6 bxc6 10. Be5 e6 11. Nb3 Nd7 12. Bb2 Qb4+ 13. c3 Qa4 14. c4 dxc4 15. Nd2 Qxd1+ 16. Rxd1 Rb8 17. Bc3 Nxc5 18. Bxc4 f6 19. Ke2 Bd6 20. Nb3 Ne4 21. Ba5 Bb4 22. Rd8+ Ke7 23. Rxh8 Bxa5 24. Nxa5 Rb2+ 25. Kf3 f5 26. Nxc6+ Kd6 27. Rd1+ Kxc6 28. Rxc8+ Kb7 29. Bxa6+ Kxa6 30. Kf4 Kb7 31. Rg8 Rxf2+ 32. Ke5 Rxg2 33. Rd7+ Kc6 34. Rgxg7 Rxh2 35. Rxh7 Rxa2 36. Rc7+ Kb5 37. Rb7+ Kc4 38. Rhd7 Ra5+ 39. Kf4 Nc5 40. Rbc7 Kb3 41. Re7 Nd3+ 42. Kf3 Ra6 43. Rb7+ Kc3 44. Rec7+ Kd2 45. Rd7 e5 46. e4 f4 47. Rb3 Rg6 48. Rbxd3+ Kc2 49. Rd2+ Kc3 50. R7d3+ Kc4 51. Kf2 Rh6 52. Rd6 Rh2+ 53. Kg1 Rh3 54. Rc6+ Kb3 55. Rd8 Rg3+ 56. Kf2 Re3 57. Rb8+ Ka4 58. Ra6# 1-0


[Site "https://www.chess.com"]

[Event "Titled Tuesday Blitz May 16 Early 2023"]
[White "Erigaisi Arjun"]
[Black "cryptoguru02"]
[WhiteFideId "35009192"]
[WhiteElo "2719"]
[BlackElo "2631"]
[Result "1-0"]
[Round "02"]
[TimeControl "180+2"]
[Date "2023.05.16"]
[WhiteClock "0:00:33"]
[BlackClock "0:00:00"]

1. b3 e5 2. Bb2 Nc6 3. c4 g6 4. e3 Bg7 5. Nf3 Nge7 6. d3 O-O 7. Nc3 d6 8. Be2 f5 9. h4 h6 10. Qc2 Be6 11. a3 a5 12. Nb5 Qd7 13. d4 exd4 14. Nbxd4 Nxd4 15. Nxd4 Bf7 16. h5 g5 17. Bd3 Be6 18. O-O-O Kh8 19. f4 g4 20. Rhe1 d5 21. Nxe6 Qxe6 22. cxd5 Nxd5 23. Bc4 c6 24. e4 fxe4 25. Rxe4 Qf5 26. g3 Rad8 27. Rde1 Bxb2+ 28. Qxb2+ Qf6 29. Re6 Qxb2+ 30. Kxb2 b5 31. Rxh6+ Kg7 32. Rg6+ Kh7 33. Bd3 Nxf4 34. Re7+ Kh8 35. Rh6+ Kg8 36. Bh7+ Kh8 37. gxf4 Rxf4 38. Bc2+ Kg8 39. Rxc6 Rf2 40. h6 b4 41. axb4 axb4 42. Rg7+ Kh8 43. Rxg4 Rh2 44. Rxb4 Rf8 45. Rbc4 1-0


[Site "https://www.chess.com"]

[Event "Titled Tuesday Blitz May 16 Early 2023"]
[White "Jeet, Jain"]
[Black "Martinez Alcantara, Jose Eduardo"]
[WhiteFideId "5073022"]
[BlackFideId "3805662"]
[WhiteElo "2067"]
[BlackElo "2711"]
[Result "0-1"]
[Round "02"]
[TimeControl "180+2"]
[Date "2023.05.16"]
[WhiteClock "0:01:16"]
[BlackClock "0:01:02"]

1. d4 Nf6 2. Nf3 e6 3. Bf4 b6 4. e3 Bb7 5. c4 Bb4+ 6. Nbd2 O-O 7. a3 Be7 8. Qc2 c5 9. Be2 cxd4 10. exd4 d5 11. O-O dxc4 12. Qxc4 Ba6 13. Qxa6 Nxa6 14. Bxa6 Bd6 15. Be5 Bxe5 16. dxe5 Nd5 17. Ne4 Qe7 18. Rac1 Rad8 19. Nd4 Qh4 20. Rfe1 Ne7 21. Nb5 Nf5 22. Nbd6 Qf4 23. Nxf5 exf5 24. Nd6 Rxd6 25. exd6 Qxd6 26. Red1 Qf6 27. Rc2 g6 28. a4 Kg7 29. Bc4 Rd8 30. Rcd2 Rxd2 31. Rxd2 Qe7 32. Re2 Qd7 33. Bb3 Qd3 0-1


[Site "https://www.chess.com"]

[Event "Titled Tuesday Blitz May 16 Early 2023"]
[White "Demchenko, Anton"]
[Black "Manukyan, Sargis A."]
[WhiteFideId "4160258"]
[BlackFideId "13303970"]
[WhiteElo "2545"]
[BlackElo "2187"]
[Result "1-0"]
[Round "02"]
[TimeControl "180+2"]
[Date "2023.05.16"]
[WhiteClock "0:00:26"]
[BlackClock "0:00:15"]

1. e4 c5 2. Nc3 d6 3. Bb5+ Bd7 4. a4 Nf6 5. f4 g6 6. Nf3 Bg7 7. O-O O-O 8. d3 Nc6 9. h3 Nd4 10. Be3 Nxb5 11. axb5 a6 12. bxa6 Rxa6 13. Rxa6 bxa6 14. b3 Bc6 15. Qd2 d5 16. exd5 Nxd5 17. Nxd5 Qxd5 18. Qf2 Qd6 19. Ne5 Bxe5 20. fxe5 Qxe5 21. Bh6 f6 22. Re1 Qd6 23. Bxf8 Kxf8 24. Ra1 Bb7 25. Ra5 c4 26. bxc4 Qb4 27. Ra1 a5 28. Qe1 Qc5+ 29. Kh1 Qf5 30. Qe3 h5 31. Re1 Kf7 32. Qxe7+ Kg8 33. Qe6+ Kg7 34. Qxf5 gxf5 35. Re7+ Kg6 36. Rxb7 f4 37. Ra7 Kg5 38. Rxa5+ Kh4 39. Rf5 f3 40. Rxf3 f5 41. Rxf5 Kg3 1-0


[Site "https://www.chess.com"]

[Event "Titled Tuesday Blitz May 16 Early 2023"]
[White "Korchmar, Vasiliy"]
[Black "Madaminov, Mukhiddin"]
[WhiteFideId "24131750"]
[BlackFideId "14210703"]
[WhiteElo "2370"]
[BlackElo "2511"]
[Result "1-0"]
[Round "02"]
[TimeControl "180+2"]
[Date "2023.05.16"]
[WhiteClock "0:00:21"]
[BlackClock "0:00:15"]

1. e4 c5 2. Nf3 d6 3. d4 cxd4 4. Nxd4 Nf6 5. Nc3 Nc6 6. Be2 e6 7. Be3 Bd7 8. g4 Nxd4 9. Bxd4 Bc6 10. f3 a6 11. Qd2 Qc7 12. O-O-O O-O-O 13. Kb1 h6 14. Qe3 Nd7 15. Qf2 Rg8 16. h4 Be7 17. Rd2 Kb8 18. Rhd1 Rc8 19. f4 g6 20. g5 hxg5 21. hxg5 e5 22. fxe5 Nxe5 23. Bb6 Qd7 24. Bc5 Rgd8 25. Bb6 Rh8 26. Bc5 Rcd8 27. Bb6 Rde8 28. Bc5 Qc8 29. Bxd6+ Bxd6 30. Rxd6 Re7 31. Qb6 Qc7 32. Rd8+ Rxd8 33. Rxd8+ Qc8 34. Rxc8+ Kxc8 35. Nd5 Bxd5 36. exd5 Nf3 37. Qc5+ Kd7 38. Qxe7+ Kxe7 39. Bxf3 Kd6 40. c4 b5 41. b3 bxc4 42. bxc4 Kc5 43. Kc2 Kd6 44. Kd3 Kc5 45. Ke4 a5 46. a3 a4 47. Ke5 Kxc4 48. d6 f6+ 49. Kxf6 Kb3 50. Bd1+ Kxa3 51. Bxa4 Kxa4 52. d7 Kb5 53. d8=Q Ka6 54. Qb8 Ka5 55. Ke5 Ka4 56. Kd4 Ka5 57. Kc5 Ka6 58. Qa8# 1-0


[Site "https://www.chess.com"]

[Event "Titled Tuesday Blitz May 16 Early 2023"]
[White "Makarian, Rudik"]
[Black "Levitskiy, Andrey"]
[WhiteFideId "44105681"]
[BlackFideId "14132885"]
[WhiteElo "2461"]
[BlackElo "2347"]
[Result "1-0"]
[Round "02"]
[TimeControl "180+2"]
[Date "2023.05.16"]
[WhiteClock "0:00:04"]
[BlackClock "0:00:04"]

1. d4 Nf6 2. c4 e6 3. Nf3 Bb4+ 4. Bd2 Qe7 5. g3 Bxd2+ 6. Qxd2 Nc6 7. Nc3 d5 8. Bg2 dxc4 9. O-O O-O 10. Rfd1 a6 11. Rac1 Rd8 12. Qg5 Nd5 13. Ne4 f6 14. Qd2 Nb6 15. Qc3 Nb4 16. Qa3 a5 17. Ned2 Bd7 18. Nxc4 Nxc4 19. Rxc4 Bb5 20. Rc5 Bxe2 21. Re1 Ba6 22. Rxa5 Nc6 23. Qxe7 Nxe7 24. Rxe6 Nc6 25. Rc5 Nxd4 26. Re1 c6 27. h4 Nxf3+ 28. Bxf3 Rd7 29. b4 Rad8 30. a4 Rd2 31. b5 cxb5 32. axb5 R2d3 33. Be4 Re8 34. Bxd3 Rxe1+ 35. Kg2 b6 36. Rc7 Bxb5 37. Bxb5 Rb1 38. Bc4+ Kf8 39. Rf7+ Ke8 40. Rxg7 b5 41. Bf7+ Kf8 42. Rxh7 b4 43. Bd5 b3 44. Rb7 b2 45. Ba2 1-0


[Site "https://www.chess.com"]

[Event "Titled Tuesday Blitz May 16 Early 2023"]
[White "Lazavik, Denis"]
[Black "Fromm, Marius"]
[WhiteFideId "13515110"]
[BlackFideId "12993190"]
[WhiteElo "2560"]
[BlackElo "2325"]
[Result "1/2-1/2"]
[Round "02"]
[TimeControl "180+2"]
[Date "2023.05.16"]
[WhiteClock "0:00:06"]
[BlackClock "0:00:10"]

1. d4 d5 2. c4 dxc4 3. Nf3 Nf6 4. e3 e6 5. Bxc4 c5 6. O-O a6 7. b3 Nbd7 8. Bb2 Be7 9. dxc5 Bxc5 10. Nbd2 O-O 11. Rc1 Qe7 12. Qc2 b6 13. Ne4 Bb7 14. Nxc5 Qxc5 15. Be2 Qxc2 16. Rxc2 Rfc8 17. Rfc1 Rxc2 18. Rxc2 Rc8 19. Rxc8+ Bxc8 20. Nd2 a5 21. e4 Nc5 22. f3 Ba6 23. Bxa6 Nxa6 24. Nc4 Nd7 25. Kf2 Nb4 26. a3 Nd3+ 27. Ke3 Nxb2 28. Nxb2 Nc5 29. b4 axb4 30. axb4 Na6 31. Nd3 Kf8 32. Kd4 b5 33. Kc3 Ke7 34. Ne5 f6 35. Nc6+ Kd6 36. Nd4 Nc7 37. g3 g6 38. Ne2 e5 39. Kd3 Ne6 40. Ke3 Nc7 41. Nc3 Kc6 42. f4 Na6 43. Nd5 exf4+ 44. Kxf4 f5 45. Ke5 fxe4 46. Kxe4 Kd6 47. h4 h6 48. g4 h5 49. g5 Ke6 50. Nf4+ Kf7 51. Nd3 Ke6 52. Kd4 Kd6 53. Nf4 Nxb4 54. Nxg6 Nd5 55. Ne5 Nf4 56. Nf3 Ng6 57. Ke4 Ke6 58. Nd4+ Kf7 59. Nf5 b4 60. Kd4 Ke6 61. Ng7+ Ke7 62. Nxh5 Nxh4 63. Kc4 Kf7 64. Kxb4 Kg6 65. Nf4+ Kxg5 1/2-1/2


[Site "https://www.chess.com"]

[Event "Titled Tuesday Blitz May 16 Early 2023"]
[White "Ehlvest, Jaan"]
[Black "Paravyan, David"]
[WhiteFideId "4500016"]
[BlackFideId "4194985"]
[WhiteElo "2442"]
[BlackElo "2563"]
[Result "1-0"]
[Round "02"]
[TimeControl "180+2"]
[Date "2023.05.16"]
[WhiteClock "0:00:06"]
[BlackClock "0:00:01"]

1. e4 e5 2. Nf3 Nf6 3. Nxe5 d6 4. Nf3 Nxe4 5. d3 Nf6 6. d4 Nc6 7. Bd3 Nb4 8. Bc4 Bf5 9. Bb3 Be7 10. O-O O-O 11. h3 h6 12. Re1 Re8 13. Nc3 Bf8 14. Rxe8 Qxe8 15. a3 Nc6 16. Bf4 Qd7 17. Qd2 Ne4 18. Nxe4 Bxe4 19. Nh2 Re8 20. Ng4 Bf5 21. Ne3 Bg6 22. c3 Nd8 23. d5 b6 24. Bc2 Bxc2 25. Qxc2 a5 26. b4 Nb7 27. h4 h5 28. g3 g6 29. Re1 Bg7 30. c4 axb4 31. axb4 Ra8 32. Kg2 Qa4 33. Re2 Qxc2 34. Nxc2 Kf8 35. Bg5 Ra2 36. Be7+ Kg8 37. Bg5 Kf8 38. Kf3 Be5 39. Bh6+ Kg8 40. Bf4 Bf6 41. Re8+ Kg7 42. Ne3 Ra4 43. Rb8 Nd8 44. Bg5 Bxg5 45. hxg5 Rxb4 46. Rxd8 b5 47. Rc8 bxc4 48. Rxc7 h4 49. Rxc4 Rxc4 50. Nxc4 h3 51. Nxd6 1-0


[Site "https://www.chess.com"]

[Event "Titled Tuesday Blitz May 16 Early 2023"]
[White "Zhigalko, Sergei"]
[Black "Vlassov, Nikolai"]
[WhiteFideId "13502956"]
[BlackFideId "4103360"]
[WhiteElo "2626"]
[BlackElo "2324"]
[Result "1-0"]
[Round "02"]
[TimeControl "180+2"]
[Date "2023.05.16"]
[WhiteClock "0:00:05"]
[BlackClock "0:00:00"]

1. e4 c5 2. Nf3 d6 3. Bb5+ Nd7 4. O-O a6 5. Bd3 Ne5 6. Nxe5 dxe5 7. a4 Nf6 8. a5 e6 9. Re1 Bd6 10. b3 Bc7 11. Bb2 Bd7 12. Na3 Bc6 13. Nc4 Nd7 14. Qh5 Qf6 15. f4 Qg6 16. Qxg6 hxg6 17. fxe5 f6 18. Rf1 Nxe5 19. Nxe5 Bxe5 20. Bxe5 fxe5 21. Rf3 Rf8 22. Rg3 Rf6 23. Rg5 Ke7 24. Rxe5 Kd6 25. Rg5 e5 26. Rf1 Raf8 27. Rxg6 Rxg6 28. Rxf8 c4 29. bxc4 Kc5 30. Rf5 Kd4 31. Kf2 Bxe4 32. Bxe4 Kxe4 33. Rf7 b6 34. axb6 Rxb6 35. Rxg7 Rb2 36. Ra7 Rxc2 37. Ke2 Ra2 38. h4 Kd4 39. h5 e4 40. h6 e3 41. Rd7+ Kxc4 42. h7 1-0


[Site "https://www.chess.com"]

[Event "Titled Tuesday Blitz May 16 Early 2023"]
[White "Herrera Ortiz, Miguel"]
[Black "Hakobyan, Aram"]
[WhiteFideId "5100550"]
[BlackFideId "13306677"]
[WhiteElo "2619"]
[BlackElo "2584"]
[Result "0-1"]
[Round "02"]
[TimeControl "180+2"]
[Date "2023.05.16"]
[WhiteClock "0:01:12"]
[BlackClock "0:01:30"]

1. e4 e5 2. Nf3 Nc6 3. Bc4 Bc5 4. c3 Nf6 5. d4 exd4 6. e5 d5 7. Bb5 Ne4 8. cxd4 Bb6 9. Nc3 O-O 10. h3 Ba5 11. Bd2 Nxd2 12. Qxd2 Ne7 13. O-O Bf5 14. Bd3 Bxd3 15. Qxd3 c6 16. Ne2 Ng6 17. g3 f6 18. a3 Bb6 19. Rae1 fxe5 20. Nxe5 Nxe5 21. dxe5 Qg5 22. Nd4 Rae8 23. f4 Qg6 24. Qc3 Bxd4+ 0-1


[Site "https://www.chess.com"]

[Event "Titled Tuesday Blitz May 16 Early 2023"]
[White "Tabatabaei, M. Amin"]
[Black "Lenaerts, Lennert"]
[WhiteFideId "12521213"]
[BlackFideId "211435"]
[WhiteElo "2575"]
[BlackElo "2334"]
[Result "1-0"]
[Round "02"]
[TimeControl "180+2"]
[Date "2023.05.16"]
[WhiteClock "0:00:07"]
[BlackClock "0:00:44"]

1. c4 e5 2. g3 Nf6 3. Bg2 Bc5 4. d3 O-O 5. Nf3 Re8 6. O-O c6 7. Nxe5 Rxe5 8. d4 Bxd4 9. Qxd4 Re8 10. Nc3 h6 11. Bf4 d5 12. cxd5 cxd5 13. Nxd5 Nxd5 14. Qxd5 Qxd5 15. Bxd5 Nc6 16. Be3 Be6 17. Rfd1 Red8 18. Bxe6 fxe6 19. Kg2 Kf7 20. a3 e5 21. Kf3 Ke6 22. Ke4 a6 23. Rac1 Rac8 24. g4 Rxd1 25. Rxd1 Ne7 26. Rc1 Rxc1 27. Bxc1 Nd5 28. h3 Nf6+ 29. Kd3 Kd5 30. b3 h5 31. f3 hxg4 32. hxg4 g6 33. a4 b5 34. axb5 axb5 35. Kc3 e4 36. Bg5 exf3 37. exf3 Nd7 38. Bf4 Nc5 39. Be3 Nd7 40. Kb4 Kc6 41. Bd4 Nf8 42. f4 Ne6 43. Be3 Nc7 44. Ka5 Nd5 45. Bd2 Ne7 46. Bb4 Nd5 47. f5 gxf5 48. gxf5 Nf6 49. Bc3 Ne4 50. f6 Nd6 51. Bb4 Nf7 52. Ka6 Ne5 53. Ka7 Kc7 54. Ba5+ Kc6 55. Bc3 Nf7 56. Kb8 Nd6 57. Bb4 Nf7 58. Kc8 Ne5 59. Kd8 Kd5 60. Bc3 Ng6 61. f7 Ke4 62. b4 Kd3 63. Bg7 Kc4 64. f8=Q Nxf8 65. Bxf8 Kd5 66. Kd7 Kc4 67. Kc6 Kb3 68. Kxb5 1-0


[Site "https://www.chess.com"]

[Event "Titled Tuesday Blitz May 16 Early 2023"]
[White "Sebag, Marie"]
[Black "Le, Tuan Minh"]
[WhiteFideId "617822"]
[BlackFideId "12401153"]
[WhiteElo "2431"]
[BlackElo "2566"]
[Result "0-1"]
[Round "02"]
[TimeControl "180+2"]
[Date "2023.05.16"]
[WhiteClock "0:00:21"]
[BlackClock "0:01:27"]

1. c4 c6 2. d4 d5 3. cxd5 cxd5 4. Nc3 Nf6 5. Bf4 Nc6 6. e3 a6 7. Nf3 Bg4 8. h3 Bxf3 9. Qxf3 e6 10. Bd3 Bd6 11. Bxd6 Qxd6 12. O-O O-O 13. Rac1 Rac8 14. a3 Rc7 15. Rc2 Rfc8 16. Rfc1 Na5 17. Ne2 Rxc2 18. Rxc2 Rxc2 19. Bxc2 Nc4 20. e4 dxe4 21. Qc3 b5 22. Ng3 e3 23. Bb3 exf2+ 24. Kxf2 Qf4+ 25. Kg1 Nd5 26. Qd3 Nxb2 27. Qc2 Qxd4+ 28. Kh2 Nc4 29. a4 g6 30. axb5 axb5 31. Qa2 h5 32. Ne2 Qe5+ 33. Kh1 Nce3 34. Ng1 Nc3 35. Qa8+ Kg7 36. Qf3 b4 37. Qc6 Ne4 38. Ne2 Nf5 39. Qc2 h4 40. Kg1 Neg3 41. Nxg3 Qe3+ 42. Kh1 Qe1+ 43. Nf1 Ng3+ 44. Kh2 Nxf1+ 0-1


[Site "https://www.chess.com"]

[Event "Titled Tuesday Blitz May 16 Early 2023"]
[White "Ter-Sahakyan, Samvel"]
[Black "Popilski, Gil"]
[WhiteFideId "13302531"]
[BlackFideId "2809060"]
[WhiteElo "2545"]
[BlackElo "2537"]
[Result "1-0"]
[Round "02"]
[TimeControl "180+2"]
[Date "2023.05.16"]
[WhiteClock "0:00:21"]
[BlackClock "0:00:02"]

1. d4 Nf6 2. c4 g6 3. Nc3 d5 4. cxd5 Nxd5 5. e4 Nxc3 6. bxc3 Bg7 7. Bb5+ c6 8. Ba4 O-O 9. Nf3 c5 10. O-O Nc6 11. d5 Bxc3 12. Bh6 Nd4 13. Rc1 Nxf3+ 14. Qxf3 Bg7 15. Bxg7 Kxg7 16. Rxc5 Bd7 17. Qc3+ Kg8 18. Bxd7 Qxd7 19. Rc7 Qd6 20. Rd1 b6 21. e5 Qd8 22. d6 exd6 23. exd6 Rc8 24. Rc1 Ra8 25. Qd4 Qg5 26. h4 Qa5 27. d7 Rad8 28. Rc8 Qf5 29. R8c7 Qe6 30. Rxa7 h5 31. g3 f6 32. Qc4 Qxc4 33. Rxc4 Rf7 34. Rd4 Kf8 35. Rb7 Ke7 36. Rxb6 1-0


[Site "https://www.chess.com"]

[Event "Titled Tuesday Blitz May 16 Early 2023"]
[White "Matlakov, Maxim"]
[Black "Veiga, Jose Francisco R P Neves"]
[WhiteFideId "4168003"]
[BlackFideId "1930087"]
[WhiteElo "2666"]
[BlackElo "2320"]
[Result "1-0"]
[Round "02"]
[TimeControl "180+2"]
[Date "2023.05.16"]
[WhiteClock "0:01:07"]
[BlackClock "0:00:02"]

1. d4 e6 2. Nf3 Nf6 3. e3 c5 4. Bd3 b6 5. b3 Bb7 6. Nbd2 Be7 7. Bb2 O-O 8. Qe2 cxd4 9. exd4 d5 10. a3 Nc6 11. O-O-O a5 12. Ne5 Qc7 13. Kb1 Rfc8 14. h4 a4 15. Nxc6 Qxc6 16. b4 Ne4 17. Nxe4 dxe4 18. Bb5 Qd6 19. c4 Bf6 20. g4 Qf4 21. g5 Be7 22. Qe3 Qxe3 23. fxe3 f5 24. Bd7 Kf7 25. Bxc8 Rxc8 26. Rc1 Ba6 27. b5 Bb7 28. Rhd1 Kg6 29. c5 bxc5 30. dxc5 Bxc5 31. Rd7 Bd5 32. Rxg7+ Kh5 33. Rxh7+ Kg4 34. g6 Bb3 35. g7 e5 36. Rh8 Rg8 37. Rxg8 Bxg8 38. Rxc5 1-0


[Site "https://www.chess.com"]

[Event "Titled Tuesday Blitz May 16 Early 2023"]
[White "Van Foreest, Jorden"]
[Black "Makaraci, Tunahan"]
[WhiteFideId "1039784"]
[BlackFideId "6356559"]
[WhiteElo "2633"]
[BlackElo "2160"]
[Result "1-0"]
[Round "02"]
[TimeControl "180+2"]
[Date "2023.05.16"]
[WhiteClock "0:01:23"]
[BlackClock "0:00:27"]

1. d4 d5 2. c4 e6 3. Nf3 c5 4. cxd5 exd5 5. Bg5 f6 6. Bd2 Nc6 7. dxc5 Bxc5 8. e3 Nge7 9. Bc3 O-O 10. Nbd2 Bg4 11. Be2 a6 12. O-O Nf5 13. h3 Bxf3 14. Nxf3 d4 15. exd4 Nfxd4 16. Nxd4 Nxd4 17. Bd3 Kh8 18. Bxh7 Kxh7 19. Qh5+ Kg8 20. Qxc5 Ne2+ 21. Kh1 Nxc3 22. Qxc3 Rc8 23. Qb3+ Rf7 24. Rac1 Kf8 25. Rfd1 Rxc1 26. Rxc1 Rd7 27. g3 b5 28. Qa3+ Kg8 29. Qxa6 Rd1+ 30. Rxd1 Qxd1+ 31. Kg2 Qd5+ 32. Kh2 Kh7 33. Qc8 b4 34. Qc2+ Kh6 35. a4 Qa5 36. b3 Qd5 37. Qa2 Qa5 38. Qd2+ g5 39. Qd4 Kg6 40. Qe4+ Kg7 41. Kg2 Qb6 42. Qd5 Qc7 43. a5 Qa7 44. Kg1 Qc7 45. a6 Qc1+ 46. Kg2 Qa3 47. Qb7+ Kg6 48. a7 1-0


[Site "https://www.chess.com"]

[Event "Titled Tuesday Blitz May 16 Early 2023"]
[White "Odegov, Artem"]
[Black "Maghsoodloo, Parham"]
[WhiteFideId "34183644"]
[BlackFideId "12539929"]
[WhiteElo "2300"]
[BlackElo "2655"]
[Result "0-1"]
[Round "02"]
[TimeControl "180+2"]
[Date "2023.05.16"]
[WhiteClock "0:00:59"]
[BlackClock "0:02:35"]

1. d4 Nf6 2. c4 e6 3. Nf3 Bb4+ 4. Nbd2 d5 5. Qa4+ Nc6 6. a3 Bxd2+ 7. Bxd2 O-O 8. e3 Ne4 9. Bd3 Nxd2 10. Nxd2 dxc4 11. Qxc4 e5 12. d5 Ne7 13. e4 c6 14. Rd1 cxd5 15. exd5 Qxd5 16. Qxd5 Nxd5 17. Nf3 Nf4 18. Be4 Nxg2+ 19. Kf1 Nf4 20. Nxe5 Bh3+ 0-1


[Site "https://www.chess.com"]

[Event "Titled Tuesday Blitz May 16 Early 2023"]
[White "Kozak, Adam"]
[Black "Orlov, Georgi"]
[WhiteFideId "753246"]
[BlackFideId "2011271"]
[WhiteElo "2469"]
[BlackElo "2606"]
[Result "1-0"]
[Round "02"]
[TimeControl "180+2"]
[Date "2023.05.16"]
[WhiteClock "0:00:05"]
[BlackClock "0:00:00"]

1. e4 d6 2. d4 Nf6 3. Nc3 c6 4. Nge2 e5 5. h3 Qb6 6. g4 g6 7. Bg2 Bg7 8. dxe5 dxe5 9. Qd6 Nfd7 10. Be3 Qd8 11. O-O-O Qe7 12. Qd2 O-O 13. h4 Nb6 14. b3 Bxg4 15. h5 Na6 16. hxg6 fxg6 17. Qe1 Qb4 18. f3 Bxf3 19. Qh4 h5 20. Qg5 Bxg2 21. Qxg2 Rf6 22. Bd2 Raf8 23. Kb1 Nc4 24. Bc1 Na3+ 25. Kb2 Nc5 26. Qg1 Nc4+ 27. Ka1 Na3 28. Kb2 Nb5 29. Nxb5 Qxb5 30. Nc3 Qb6 31. Be3 Rf2 32. Bxf2 Rxf2 33. Kb1 Rf6 34. Qg2 Qb4 35. Qd2 Kh7 36. Qe3 a5 37. Rhg1 a4 38. Kb2 axb3 39. axb3 Qb6 40. Kb1 Qa5 41. Rg3 Qb4 42. Na2 Qb5 43. Nc3 Qb4 44. Rdg1 Bh6 45. Qe2 Bf4 46. Rh3 Kh6 47. Rgh1 Qd4 48. Rd1 Qb4 49. Rg1 Nxb3 50. cxb3 Qxb3+ 51. Qb2 Qc4 52. Rd1 b5 53. Rhd3 b4 54. Ne2 Qxe4 55. Nxf4 exf4 56. Qc2 1-0


[Site "https://www.chess.com"]

[Event "Titled Tuesday Blitz May 16 Early 2023"]
[White "Bartel, Michal"]
[Black "Pap, Gyula"]
[WhiteFideId "1119257"]
[BlackFideId "725323"]
[WhiteElo "2282"]
[BlackElo "2519"]
[Result "0-1"]
[Round "02"]
[TimeControl "180+2"]
[Date "2023.05.16"]
[WhiteClock "0:00:58"]
[BlackClock "0:00:52"]

1. e4 e5 2. Nc3 Nf6 3. g3 Bc5 4. Bg2 O-O 5. Nge2 c6 6. O-O d5 7. exd5 cxd5 8. d4 exd4 9. Nxd4 Bg4 10. Nf3 Nc6 11. h3 Bh5 12. Bg5 d4 13. Ne4 Be7 14. Nxf6+ Bxf6 15. Bxf6 Qxf6 16. g4 Bg6 17. Qd2 Rac8 18. a3 Rfd8 19. Rac1 b6 20. Rfd1 h6 21. Qe2 Qf4 22. Qd2 Qf6 23. Qe2 Re8 24. Qd2 Rcd8 25. Re1 Be4 26. Nh2 Bxg2 27. Kxg2 Ne5 28. Re4 Nc4 29. Rxe8+ Rxe8 30. Qd3 Nxb2 31. Qb5 Re5 32. Qxb2 Re2 33. Nf3 Qf4 34. Rd1 Qe3 35. Qxd4 Rxf2+ 36. Kg3 Qxf3+ 37. Kh4 g5+ 38. Kh5 Qxh3# 0-1


[Site "https://www.chess.com"]

[Event "Titled Tuesday Blitz May 16 Early 2023"]
[White "Ibarra Jerez, Jose Carlos"]
[Black "vlajkovicS"]
[WhiteFideId "2226332"]
[WhiteElo "2638"]
[BlackElo "2605"]
[Result "1-0"]
[Round "02"]
[TimeControl "180+2"]
[Date "2023.05.16"]
[WhiteClock "0:00:22"]
[BlackClock "0:00:19"]

1. e4 e6 2. d4 a6 3. f4 b5 4. Nf3 Bb7 5. Bd3 c5 6. c3 Nf6 7. Qe2 Be7 8. e5 Nd5 9. O-O Nc6 10. a3 Qb6 11. dxc5 Bxc5+ 12. Kh1 Be3 13. Bxe3 Qxe3 14. Qxe3 Nxe3 15. Rf2 Nd5 16. g3 Rd8 17. Nbd2 d6 18. exd6 Rxd6 19. Ne4 Rd8 20. Nc5 Bc8 21. a4 b4 22. Bxa6 bxc3 23. Bb5 Ne7 24. Ne5 cxb2 25. Rxb2 Rd6 26. Nxc6 Nxc6 27. Ne4 Rd4 28. Bxc6+ Ke7 29. Rc1 Rhd8 30. Kg1 Ba6 31. Nc5 Bc4 32. Nb3 Rd1+ 33. Rxd1 Rxd1+ 34. Kf2 Rd3 35. Nd2 Ba6 36. Bb5 Bxb5 37. axb5 Rd7 38. b6 Rb7 39. Nc4 Kd7 40. Na5 Rb8 41. b7 f5 42. Rc2 1-0


[Site "https://www.chess.com"]